 Dungeon Crawl Stone Soup version 0.19.5 (webtiles) character file.

2340 Peloso the Carver (level 9, -6/79 HPs)
             Began as a Minotaur Fighter on May 4, 2017.
             Was a Follower of Okawaru.
             Mangled by an orc warrior
             ... wielding a +0 glaive
              (8 damage)
             ... on level 7 of the Dungeon.
             The game lasted 00:14:14 (5359 turns).

Peloso the Carver (Minotaur Fighter)                Turns: 5359, Time: 00:14:15

Health: -6/79      AC: 15    Str: 23    XL:     9   Next: 20%
Magic:  0/8        EV:  6    Int:  5    God:    Okawaru [*.....]
Gold:   308        SH: 11    Dex: 11    Spells: 0 memorised, 8 levels left

rFire  x . .     SeeInvis +     a - +0 long sword
rCold  + . .     Gourm    .     p - +1 plate armour
rNeg   . . .     Faith    .     c - +0 shield
rPois  .         Spirit   +     (helmet restricted)
rElec  .         Reflect  .     q - +0 cloak
rCorr  .         Harm     .     (no gloves)
MR     .....                    (no boots)
Stlth  ..........               C - amulet of guardian spirit
                                i - ring of see invisible
                                h - ring of ice

@: no status effects
A: retaliatory headbutt, horns 2
a: Heroism, Renounce Religion


You were on level 7 of the Dungeon.
You worshipped Okawaru.
Okawaru was aware of your devotion.
You were very hungry.

You visited 2 branches of the dungeon, and saw 8 of its levels.

You collected 308 gold pieces.

Inventory:

Hand Weapons
 a - a +0 long sword (weapon)
 j - a cursed -2 whip
Armour
 c - a +0 shield (worn)
 p - a +1 plate armour (worn)
 q - a +0 cloak (worn)
Jewellery
 h - a ring of ice (left hand)
 i - a ring of see invisible (right hand)
 C - an amulet of guardian spirit (around neck)
Wands
 o - a wand of digging (8/24)
 s - a wand of acid (5/15)
Scrolls
 b - a scroll of random uselessness {unknown}
 d - a scroll of enchant weapon {unknown}
 e - 2 scrolls of amnesia
 m - a scroll of magic mapping {unknown}
 n - 2 scrolls of identify
 r - 2 scrolls of remove curse
 v - 3 scrolls of teleportation
 y - 2 scrolls of enchant armour
 A - a scroll of blinking {unknown}
 B - a scroll of acquirement {unknown}
 E - a scroll of noise {unknown}
Potions
 k - 3 potions of brilliance
 D - a potion of agility {unknown}
Books
 F - a book of Misfortune

   Spells                             Type                      Level
   a - Confusing Touch                Hexes                        1
   b - Confuse                        Hexes                        3
   c - Gell's Gravitas                Hexes/Translocation          3
   d - Petrify                        Transmutation/Earth          4
   e - Metabolic Englaciation         Hexes/Ice                    5
   f - Yara's Violent Unravelling     Hexes/Transmutation          5
Comestibles
 f - 9 bread rations
 g - 5 meat rations
 l - a slice of pizza
 w - 2 beef jerkies
 x - a royal jelly
 z - 4 fruits


   Skills:
 + Level 7.0 Fighting
 + Level 9.4 Long Blades
 + Level 7.4 Armour
 + Level 2.0 Dodging
 + Level 0.5 Stealth
 + Level 7.8 Shields


You had 8 spell levels left.
You didn't know any spells.

Dungeon Overview and Level Annotations

Branches:
Dungeon (7/15)             Temple (1/1) D:5

Altars:
Ashenzari
Cheibriados
Elyvilon
Fedhas
Gozag
Hepliaklqana
Kikubaaqudgha
Nemelex Xobeh
Okawaru
Qazlal
Ru
Sif Muna
Trog
Uskayaw
Vehumet
Xom
Zin
The Shining One


Innate Abilities, Weirdness & Mutations

You reflexively headbutt those who attack you in melee.
You have a pair of horns on your head.


Message History

You slash the orc!
You kill the orc!
Okawaru accepts your kill. You block the orc warrior's attack.
You slash the orc!
You kill the orc!
Okawaru accepts your kill. You block the orc's attack.
The orc warrior barely misses you.
Your plate armour prevents you from hitting the orc.
The orc hits you but does no damage. You block the orc warrior's attack.
Unknown command.
You closely miss the orc.
The orc is heavily wounded.
You block the orc's attack. The orc hits you but does no damage.
Unknown command.
You hit the orc. You headbutt the orc.
You kill the orc!
Okawaru accepts your kill.
The orc warrior hits you from afar with a glaive!
You die...

#### ...#
#..# #..#
#..# #..#
####o.#
.#####..o@(#
../....o#†##
######..#.#
#..#..
#..####
########..##
...........#
...........#
########...##


You could see an orc warrior and 2 orcs.

Vanquished Creatures
  The ghost of StupidDan the Shield-Bearer, an amateur HuFi (D:4)
  Edmund (D:4)
  A sky beast (D:7)
  2 phantoms (D:4)
  4 ogres
  The ghost of supermoro the Magician, an amateur DEIE (D:3)
  A gnoll sergeant (D:6)
  3 bullfrogs
  2 scorpions
  A water moccasin skeleton (D:5)
  A howler monkey (D:5)
  A crimson imp (D:6)
  3 hounds
  A gnoll shaman (D:6)
  2 jellies (D:7)
  6 orc wizards
  A bullfrog skeleton (D:7)
  2 centaur skeletons (D:4)
  3 orc priests
  3 worker ants
  2 hound skeletons
  A hound zombie (D:7)
  A worker ant zombie (D:6)
  10 gnolls
  A howler monkey zombie (D:5)
  9 adders
  A howler monkey skeleton (D:6)
  An ooze (D:1)
  A worm (D:3)
  2 dart slugs
  4 leopard geckos
  27 orcs
  6 bats
  3 giant cockroaches
  4 goblins
  4 hobgoblins
  7 jackals
  6 kobolds
  2 quokkas
  5 frilled lizards
  6 rats
143 creatures vanquished.

Notes
Turn   | Place    | Note
-------+----------+-------------------------------------------
     0 | D:1      | Peloso the Minotaur Fighter began the quest for the Orb.
     0 | D:1      | Reached XP level 1. HP: 19/19 MP: 0/0
   296 | D:1      | Reached XP level 2. HP: 25/27 MP: 1/1
   690 | D:2      | Reached XP level 3. HP: 29/33 MP: 2/2
   692 | D:2      | Reached skill level 3 in Long Blades
  1183 | D:3      | Reached XP level 4. HP: 40/40 MP: 3/3
  1188 | D:3      | Reached skill level 1 in Dodging
  1268 | D:3      | Reached skill level 4 in Long Blades
  1433 | D:3      | Reached XP level 5. HP: 46/46 MP: 4/4
  1570 | D:3      | Noticed supermoro's ghost (amateur DEIE)
  1580 | D:3      | Killed supermoro's ghost
  1876 | D:3      | Found a faded altar of an unknown god.
  1876 | D:3      | Found a faded altar of an unknown god.
  1884 | D:3      | Found a white marble altar of Elyvilon.
  1886 | D:3      | Found a faded altar of an unknown god.
  1887 | D:3      | Found a faded altar of an unknown god.
  1986 | D:4      | Reached skill level 5 in Shields
  2040 | D:4      | Reached skill level 5 in Long Blades
  2040 | D:4      | Reached XP level 6. HP: 53/53 MP: 5/5
  2073 | D:4      | Noticed StupidDan's ghost (amateur HuFi)
  2073 | D:4      | Noticed Edmund
  2095 | D:4      | Killed StupidDan's ghost
  2095 | D:4      | Reached skill level 5 in Armour
  2113 | D:4      | Killed Edmund
  2113 | D:4      | Reached XP level 7. HP: 4/60 MP: 6/6
  2139 | D:4      | HP: 3/60 [phantom (1)]
  2140 | D:4      | Reached skill level 5 in Fighting
  2140 | D:4      | Reached skill level 6 in Long Blades
  2584 | D:4      | Reached skill level 7 in Long Blades
  2713 | D:4      | Reached XP level 8. HP: 46/68 MP: 7/7
  3180 | D:5      | Entered Level 5 of the Dungeon
  3273 | D:5      | Found a staircase to the Ecumenical Temple.
  3339 | Temple   | Entered the Ecumenical Temple
  3426 | Temple   | Became a worshipper of Warmaster Okawaru
  3503 | D:5      | Reached skill level 8 in Long Blades
  3806 | D:5      | Found a blossoming altar of Fedhas.
  4650 | D:6      | Reached skill level 9 in Long Blades
  4672 | D:6      | Reached * piety under Okawaru
  4942 | D:6      | Reached XP level 9. HP: 78/78 MP: 8/8
  5309 | D:7      | Paralysed by a hornet for 1 turns
  5315 | D:7      | Paralysed by a hornet for 1 turns
  5325 | D:7      | Paralysed by a hornet for 3 turns
  5327 | D:7      | HP: 3/78 [hornet (3)]
  5343 | D:7      | HP: 3/78 [orc warrior/glaive (8)]
  5353 | D:7      | HP: 1/79 [orc warrior/glaive (4)]
  5359 | D:7      | Mangled by an orc warrior

Skill      XL: |  1  2  3  4  5  6  7  8  9 |
---------------+----------------------------+-----
Fighting       | 4 5 6 7 |  7.0
Armour         | 4 5 6 7 |  7.4
Long Blades    | 3 4 5 7 9 |  9.4
Shields        | 4 5 6 7 |  7.8
Dodging        | 1 2 |  2.0
Stealth        | |  0.5

Action                   |  1- 3 |  4- 6 |  7- 9 || total
-------------------------+-------+-------+-------++-------
Melee: Long sword        |    59 |   154 |   305 ||   518
       Headbutt          |     7 |    22 |    64 ||    93
  Use: Potion            |     5 |     2 |     7 ||    14
       Scroll            |       |       |     8 ||     8
  Eat: Chunk             |       |     4 |    10 ||    14
Armor: Scale mail        |    25 |    11 |       ||    36
       Plate armour      |       |    80 |   193 ||   273
Dodge: Dodged            |    27 |    43 |    72 ||   142
Block: Shield            |    50 |    88 |   164 ||   302
       Rpst.: Long sword |     5 |    13 |    24 ||    42
